 Dungeon Crawl Stone Soup version 0.31-a0-233-g139696dc86 (webtiles) character file.

Game seed: 9757055725571022329

13318 qw the Skirmisher (level 12, -21/76 HPs)
             Began as a Gargoyle Hexslinger on July 9, 2023.
             Was an Elder of Okawaru.
             Demolished by a skeletal warrior
             ... wielding a +0 scimitar
              (27 damage)
             ... on level 11 of the Dungeon.
             The game lasted 00:04:04 (8188 turns).

qw the Skirmisher (Gargoyle Hexslinger)             Turns: 8188, Time: 00:04:05

Health: -21/76     AC: 13    Str: 14    XL:     12   Next: 4%
Magic:  19/19      EV: 26    Int: 13    God:    Okawaru [****..]
Gold:   742        SH:  0    Dex: 24    Spells: 12/13 levels left

rFire   . . .        Y - +2 longbow (drain)
rCold   + . .        (shield currently unavailable)
rNeg    + . .        c - +1 leather armour {rC+}
rPois   inf          (no helmet)
rElec   +            (no cloak)
rCorr   +            (no gloves)
SInv    .            (no boots)
Will    .....        a - amulet of Ifog {RegenMP *Slow rCorr Dex+8 Stlth+}
Stlth   ++++         e - +5 ring of evasion
HPRegen 1.12/turn    (no ring)
MPRegen 0.56/turn

%: slow self (1%)
@: about to teleport, heroic
A: sickness immunity, AC +8, negative energy resistance 1, electricity
resistance, torment resistance 1, petrification resistance, claws 1, sense
surroundings 1, regeneration 1, sturdy frame 1
a: Renounce Religion, Heroism, Finesse


You were on level 11 of the Dungeon.
You worshipped Okawaru.
Okawaru was greatly pleased with you.
You visited 1 branch of the dungeon, and saw 11 of its levels.

You collected 742 gold pieces.


Innate Abilities, Weirdness & Mutations

You are immune to sickness and miasma.
Your stone body is resilient. (AC +8)
You are immune to poison.
You resist negative energy. (rN+)
You are resistant to electric shocks. (rElec)
You are resistant to unholy torment.
You are immune to petrification.
You have sharp fingernails.
You passively map a small area around you.
Your natural rate of healing is unusually fast.
Your movements are slightly less encumbered by armour. (ER -2)


   Skills:
 - Level 9.0(14.0) Fighting
 + Level 13.4(18.4) Ranged Weapons
 - Level 2.3(7.3) Armour
 - Level 5.1(10.1) Dodging
 - Level 1.0 Spellcasting
 - Level 2.6 Hexes
 + Level 9.8 Invocations


You had 12 spell levels left.
You knew the following spells:

 Your Spells              Type           Power      Damage    Failure   Level
a - Slow                  Hex            28%        N/A       10%         1

Your spell library contained the following spells:

 Spells                   Type           Power      Damage    Failure   Level
 Inner Flame              Hex/Fire       4%         N/A       45%         3
 Portal Projectile        Hex/Tloc       8%         N/A       45%         3
 Cause Fear               Hex            3%         N/A       67%         4

Inventory:

Hand Weapons
 Y - a +2 longbow of draining (weapon)
Armour
 c - a +1 leather armour of cold resistance (worn)
 f - a +0 robe of resistance
 o - the +0 ring mail of Idealism {rPois Str-2 Dex+3}
   (You found it on level 5 of the Dungeon)

   Str:       It affects your strength (-2).
   Dex:       It affects your dexterity (+3).
   rPois:     It protects you from poison.
Jewellery
 a - the amulet of Ifog (around neck) {RegenMP *Slow rCorr Dex+8 Stlth+}
   (You acquired it on level 1 of the Dungeon)

   [amulet of magic regeneration]

   It increases your rate of magic regeneration.
   Dex:       It affects your dexterity (+8).
   rCorr:     It protects you from acid and corrosion.
   *Slow:     It may slow you when you take damage.
   Stlth:     It makes you more stealthy.
 e - a +5 ring of evasion (left claw)
 m - a ring of resist corrosion
Scrolls
 i - 2 scrolls of teleportation
 k - a scroll of identify
Potions
 b - 9 potions of curing
 d - 2 potions of haste
 g - 3 potions of enlightenment
 h - 3 potions of mutation
 j - a potion of ambrosia {unknown}
 l - a potion of might
 n - 2 potions of brilliance {unknown}
 p - a potion of magic {unknown}
 r - a potion of degeneration {unknown}

Dungeon Overview and Level Annotations

Branches:
Dungeon (11/15)            Temple (0/1) D:7            Lair (0/5) D:11
    Orc: D:9-12

Altars:
Cheibriados
Gozag
Makhleb
Okawaru
Ru

Annotations:
D:4 2 runed translucent doors
D:7 1 runed translucent door, qw's ghost, novice MiHs


Message History

The skeletal warrior is lightly damaged.
You shoot an arrow. The arrow hits the skeletal warrior!
The skeletal warrior is moderately damaged.
You shoot an arrow.
The arrow hits the skeletal warrior but does no damage.
The skeletal warrior is moderately damaged.
You shoot an arrow.
The arrow closely misses the skeletal warrior.
You shoot an arrow. The arrow hits the skeletal warrior!
The skeletal warrior is moderately damaged.
You shoot an arrow. The arrow hits the skeletal warrior.
The skeletal warrior is heavily damaged.
The skeletal warrior hits you with a +0 scimitar!!
You shoot an arrow.
The arrow hits the skeletal warrior but does no damage.
The skeletal warrior is heavily damaged.
You shoot an arrow.
The arrow barely misses the skeletal warrior.
The skeletal warrior hits you with a +0 scimitar!
You shoot an arrow.
The arrow hits the skeletal warrior but does no damage.
The skeletal warrior is heavily damaged.
The skeletal warrior hits you with a +0 scimitar!
You shoot an arrow.
The arrow barely misses the skeletal warrior.
The skeletal warrior completely misses you.
You shoot an arrow.
The arrow barely misses the skeletal warrior.
The skeletal warrior hits you with a +0 scimitar!
8186 ||| READING 3 scrolls of teleportation.
As you read the scroll of teleportation, it crumbles to dust.
You feel strangely unstable.
The skeletal warrior hits you with a +0 scimitar!
You shoot an arrow.
The arrow hits the skeletal warrior but does no damage.
The skeletal warrior is heavily damaged.
You shoot an arrow. The arrow hits the skeletal warrior!
The skeletal warrior is severely damaged.
The skeletal warrior hits you with a +0 scimitar!!
You die...

#.#.### #.#
**** ..#.#
*... ,..#
#.#.# *#.# #.#
#.#.# ## #.#
#.#.# ### #.#
#.#.# ##.##
#.# #.#.#
##.#.## #.#
....###.###.##
#z# #.####.##
##.###@#
......##
##.##.#
#.####.##
##.....# ..#
##.###.######
#.# ##.#.##
#.# ##.## ..#
#># ### #.#
..#######.#


You could see a skeletal warrior.

Vanquished Creatures
  Erolcha (D:9)
  A hydra (D:8)
  A boulder beetle (D:11)
  2 centaur warriors
  3 skeletal warriors
  A manticore (D:11)
  Psyche (D:11)
  An unseen horror (D:11)
  A kobold demonologist (D:9)
  2 trolls
  A hornet (D:10)
  A vampire (D:9)
  3 shadows
  7 yaks
  A wyvern (D:9)
  Grum (D:8)
  A steam dragon (D:7)
  9 vampire mosquitoes
  An acid dragon (D:10)
  5 water moccasins
  2 orc warriors
  2 ice beasts (D:7)
  3 centaurs
  3 ogres
  A sky beast (D:8)
  2 wolves (D:8)
  3 kobold brigands (D:8)
  A bullfrog (D:11)
  A gnoll sergeant (D:7)
  6 scorpions
  8 wights
  A howler monkey (D:8)
  3 hounds
  2 jellies
  2 orc priests
  A gnoll bouda (D:8)
  2 sleepcaps
  2 iguanas
  10 orc wizards
  2 river rats (D:11)
  7 adders
  10 gnolls
  A white imp (D:6)
  2 ufetubi
  3 worms
  2 dart slugs
  28 orcs
  10 bats
  9 endoplasms
  5 giant cockroaches
  9 goblins
  8 hobgoblins
  10 jackals
  2 quokkas
  6 ball pythons
  6 frilled lizards
  11 kobolds
  7 rats
237 creatures vanquished.

Notes
Turn   | Place    | Note
-------+----------+-------------------------------------------
     0 | D:1      | qw the Gargoyle Hexslinger began the quest for the Orb.
     0 | D:1      | Reached XP level 1. HP: 12/12 MP: 2/2
     0 | D:1      | 0 ||| qw: Version: 0.3-a-51-g015441d
     0 | D:1      | 0 ||| qw: Game counter: 3876
     0 | D:1      | 0 ||| qw: Melee chars always use a shield: true
     0 | D:1      | 0 ||| qw: God list: Okawaru
     0 | D:1      | 0 ||| qw: Allow faded altars: false
     0 | D:1      | 0 ||| qw: Do Orc after clearing Dungeon:15 true
     0 | D:1      | 0 ||| qw: Do second Lair branch before Depths: true
     0 | D:1      | 0 ||| qw: Lair rune preference: random
     0 | D:1      | 0 ||| qw: Goals: Normal
     0 | D:1      | 0 ||| PLANNING D:1-11
    46 | D:1      | 46 ||| FLEEEEING.
   100 | D:1      | Reached XP level 2. HP: 16/16 MP: 3/3
   133 | D:1      | Reached skill level 3 in Ranged Weapons
   218 | D:1      | 218 ||| FLEEEEING.
   219 | D:1      | 219 ||| FLEEEEING.
   222 | D:1      | 222 ||| FLEEEEING.
   223 | D:1      | 223 ||| FLEEEEING.
   269 | D:1      | Reached XP level 3. HP: 21/21 MP: 4/4
   579 | D:1      | 579 ||| UPGRADING to +0 leather armour.
   589 | D:1      | 589 ||| DROPPING +0 robe.
   590 | D:1      | 590 ||| UPGRADING to +0 ring mail.
   600 | D:1      | 600 ||| DROPPING +0 leather armour.
   601 | D:1      | 601 ||| READING scroll labelled BUEPPA OFULI.
   602 | D:1      | 602 ||| READING scroll labelled ENOGGO YTERUERCH.
   603 | D:1      | 603 ||| READING scroll labelled NOUJ FIUREF.
   606 | D:1      | 606 ||| READING scroll labelled CAASIO MERONWE.
   606 | D:1      | Identified a scroll of acquirement
   606 | D:1      | 606 ||| ACQUIRING amulet of Ifog {RegenMP *Slow rCorr Dex+8
                  | Stlth+}
   606 | D:1      | Acquired the amulet of Ifog {RegenMP *Slow rCorr Dex+8
                  | Stlth+}
   608 | D:1      | 608 ||| UPGRADING to amulet of Ifog {RegenMP *Slow rCorr
                  | Dex+8 Stlth+}.
   613 | D:1      | 613 ||| DRINKING 2 smoky purple potions.
   614 | D:1      | 614 ||| DROPPING scroll of poison.
   851 | D:2      | Reached XP level 4. HP: 26/26 MP: 5/5
   953 | D:2      | Reached skill level 4 in Ranged Weapons
  1235 | D:2      | Reached skill level 1 in Armour
  1347 | D:2      | 1347 ||| DROPPING ring of wizardry.
  1348 | D:2      | 1348 ||| READING scroll labelled XUOSYI XOARAGE.
  1349 | D:2      | 1349 ||| READING scroll labelled JUUWKOP YFUIZ.
  1350 | D:2      | 1350 ||| READING scroll labelled IXUTOA MULLES.
  1351 | D:2      | 1351 ||| DRINKING 2 sapphire potions.
  1638 | D:3      | 1638 ||| Stepping ~*~*~tactically~*~*~ (outnumbered).
  1665 | D:3      | Reached XP level 5. HP: 15/30 MP: 6/6
  1736 | D:3      | Found an iron altar of Okawaru.
  1737 | D:3      | 1737 ||| PLANNING OKAWARU WORSHIP
  1737 | D:3      | 1737 ||| DRINKING 2 brown potions.
  1737 | D:3      | Gained mutation: Your natural rate of healing is unusually
                  | fast. [potion of mutation]
  1737 | D:3      | Gained mutation: You have sharp fingernails. [potion of
                  | mutation]
  1737 | D:3      | Gained mutation: Your movements are slightly less
                  | encumbered by armour. (ER -2) [potion of mutation]
  1737 | D:3      | Gained mutation: You passively map a small area around you.
                  | [potion of mutation]
  1738 | D:3      | 1738 ||| DRINKING 2 pink potions.
  1746 | D:3      | Became a worshipper of Warmaster Okawaru
  1747 | D:3      | 1747 ||| PLANNING D:1-11
  2030 | D:3      | Noticed an ogre
  2041 | D:3      | Killed an ogre
  2042 | D:3      | Reached skill level 5 in Ranged Weapons
  2042 | D:3      | Reached XP level 6. HP: 35/35 MP: 7/7
  2184 | D:3      | 2184 ||| DRINKING 2 fizzy black potions.
  2296 | D:4      | Reached skill level 3 in Fighting
  2325 | D:4      | Found a sacrificial altar of Ru.
  2326 | D:4      | Reached * piety under Okawaru
  2327 | D:4      | 2327 ||| INVOKING Heroism.
  2518 | D:4      | Reached skill level 6 in Ranged Weapons
  2528 | D:4      | 2528 ||| READING 2 scrolls labelled UMAPOE YHORUUCS.
  2529 | D:4      | 2529 ||| DRINKING 2 viscous yellow potions.
  2530 | D:4      | 2530 ||| DROPPING scroll of blinking.
  2544 | D:4      | Found a large runed translucent door.
  2545 | D:4      | Found a large runed translucent door.
  2553 | D:4      | 2553 ||| INVOKING Heroism.
  2571 | D:4      | 2571 ||| INVOKING Heroism.
  2575 | D:4      | Reached XP level 7. HP: 42/42 MP: 6/8
  2894 | D:5      | Entered Level 5 of the Dungeon
  2895 | D:5      | 2895 ||| INVOKING Heroism.
  3114 | D:5      | Reached skill level 7 in Ranged Weapons
  3271 | D:5      | Reached skill level 1 in Invocations
  3480 | D:5      | Identified the +0 ring mail of Idealism {rPois Str-2 Dex+3}
  3551 | D:5      | 3551 ||| UPGRADING to +0 ring mail of Idealism {rPois Str-2
                  | Dex+3}.
  3561 | D:5      | 3561 ||| DROPPING +0 ring mail.
  3562 | D:5      | 3562 ||| UPGRADING to +5 ring of evasion.
  3563 | D:5      | 3563 ||| READING scroll labelled ROUCRI ISSEMUEFEA.
  3976 | D:6      | 3976 ||| READING 2 scrolls labelled OPUSCH VOMUYSE.
  3977 | D:6      | 3977 ||| READING scroll of enchant weapon.
  3977 | D:6      | 3977 ||| ENCHANTING +2 sling.
  3978 | D:6      | 3978 ||| READING scroll labelled YMMEIT NURGHECS.
  4010 | D:7      | Reached XP level 8. HP: 48/48 MP: 8/10
  4010 | D:7      | 4010 ||| FLEEEEING.
  4011 | D:7      | 4011 ||| FLEEEEING.
  4012 | D:7      | 4012 ||| STAIRDANCE
  4017 | D:7      | 4017 ||| STAIRDANCE
  4020 | D:6      | 4020 ||| INVOKING Heroism.
  4023 | D:6      | HP: 6/48 [wight/+3 great sword (14)]
  4024 | D:6      | 4024 ||| READING 3 scrolls of teleportation.
  4025 | D:6      | 4025 ||| DRINKING 3 potions of heal wounds.
  4027 | D:6      | Reached skill level 3 in Invocations
  4118 | D:7      | Found a staircase to the Ecumenical Temple.
  4145 | D:7      | 4145 ||| INVOKING Heroism.
  4238 | D:7      | Reached skill level 8 in Ranged Weapons
  4265 | D:7      | Found a snail-covered altar of Cheibriados.
  4381 | D:7      | 4381 ||| INVOKING Heroism.
  4434 | D:7      | 4434 ||| INVOKING Heroism.
  4543 | D:7      | 4543 ||| Stepping ~*~*~tactically~*~*~ (outnumbered).
  4546 | D:7      | 4546 ||| Stepping ~*~*~tactically~*~*~ (outnumbered).
  4556 | D:7      | 4556 ||| INVOKING Heroism.
  4561 | D:7      | Reached skill level 9 in Ranged Weapons
  4579 | D:7      | Reached XP level 9. HP: 39/54 MP: 12/12
  4605 | D:7      | Found a runed translucent door.
  4606 | D:7      | Noticed qw's ghost (novice MiHs)
  4613 | D:7      | 4613 ||| SWAPPING to +2 longbow of draining.
  4614 | D:7      | 4614 ||| DROPPING +3 sling.
  4843 | D:7      | 4843 ||| READING 2 scrolls of identify.
  4843 | D:7      | 4843 ||| IDENTIFYING cyan potion
  4844 | D:7      | 4844 ||| DROPPING potion of attraction.
  4976 | D:8      | Reached ** piety under Okawaru
  4977 | D:8      | Reached skill level 3 in Dodging
  5070 | D:8      | 5070 ||| INVOKING Heroism.
  5081 | D:8      | Noticed a centaur warrior
  5084 | D:8      | Killed a centaur warrior
  5087 | D:8      | Noticed a skeletal warrior
  5088 | D:8      | 5088 ||| FLEEEEING.
  5089 | D:8      | 5089 ||| FLEEEEING.
  5090 | D:8      | 5090 ||| FLEEEEING.
  5091 | D:8      | 5091 ||| FLEEEEING.
  5103 | D:8      | 5103 ||| INVOKING Heroism.
  5110 | D:8      | Killed a skeletal warrior
  5110 | D:8      | Reached *** piety under Okawaru
  5111 | D:8      | Reached skill level 10 in Ranged Weapons
  5138 | D:8      | Noticed a six-headed hydra
  5139 | D:8      | 5139 ||| INVOKING Heroism.
  5146 | D:8      | HP: 10/59 [six-headed hydra (7)]
  5147 | D:8      | 5147 ||| READING 3 scrolls of teleportation.
  5148 | D:8      | 5148 ||| DRINKING 2 potions of heal wounds.
  5150 | D:8      | Reached XP level 10. HP: 23/64 MP: 13/13
  5151 | D:8      | 5151 ||| DRINKING potion of heal wounds.
  5190 | D:8      | 5190 ||| Stepping ~*~*~tactically~*~*~ (outnumbered).
  5292 | D:8      | Found a burning altar of Makhleb.
  5389 | D:8      | Reached skill level 11 in Ranged Weapons
  5489 | D:8      | Noticed a skeletal warrior
  5490 | D:8      | 5490 ||| INVOKING Heroism.
  5499 | D:8      | Killed a skeletal warrior
  5546 | D:8      | 5546 ||| INVOKING Heroism.
  5549 | D:8      | Killed a six-headed hydra
  5683 | D:8      | 5683 ||| Stepping ~*~*~tactically~*~*~ (outnumbered).
  5686 | D:8      | 5686 ||| INVOKING Heroism.
  5693 | D:8      | 5693 ||| Stepping ~*~*~tactically~*~*~ (outnumbered).
  5698 | D:8      | 5698 ||| DRINKING 8 potions of curing.
  5698 | D:8      | 5698 ||| (to cure confusion)
  5701 | D:8      | Noticed Grum
  5706 | D:8      | Killed Grum
  5707 | D:8      | Reached **** piety under Okawaru
  5753 | D:8      | 5753 ||| UPGRADING to +1 leather armour of cold resistance.
  5763 | D:8      | 5763 ||| READING scroll labelled JAESEL YTOA.
  5764 | D:8      | 5764 ||| READING scroll labelled YDOXOB JATZUTS.
  5777 | D:8      | 5777 ||| READING 2 scrolls of identify.
  5777 | D:8      | 5777 ||| IDENTIFYING puce potion
  5778 | D:8      | 5778 ||| DROPPING potion of berserk rage.
  5855 | D:9      | 5855 ||| INVOKING Heroism.
  5896 | D:9      | Noticed Erolcha
  5897 | D:9      | 5897 ||| INVOKING Heroism.
  5907 | D:9      | Killed Erolcha
  5908 | D:9      | Reached skill level 12 in Ranged Weapons
  5908 | D:9      | Reached skill level 6 in Invocations
  5908 | D:9      | Reached XP level 11. HP: 69/69 MP: 15/15
  5934 | D:9      | 5934 ||| INVOKING Heroism.
  6029 | D:9      | 6029 ||| FLEEEEING.
  6030 | D:9      | 6030 ||| FLEEEEING.
  6031 | D:9      | 6031 ||| FLEEEEING.
  6058 | D:9      | 6058 ||| Stepping ~*~*~tactically~*~*~ (outnumbered).
  6062 | D:9      | 6062 ||| Stepping ~*~*~tactically~*~*~ (outnumbered).
  6253 | D:9      | Found an opulent altar of Gozag.
  6358 | D:9      | Found an opulent altar of Gozag.
  6358 | D:9      | Found an opulent altar of Gozag.
  6368 | D:9      | Found an opulent altar of Gozag.
  6501 | D:9      | Reached ***** piety under Okawaru
  6637 | D:9      | 6637 ||| DROPPING amulet of the acrobat.
  6688 | D:10     | Entered Level 10 of the Dungeon
  6689 | D:10     | Noticed a centaur warrior
  6693 | D:10     | 6693 ||| STAIRDANCE
  6703 | D:10     | 6703 ||| STAIRDANCE
  6719 | D:10     | 6719 ||| STAIRDANCE
  6747 | D:10     | 6747 ||| STAIRDANCE
  6751 | D:9      | Killed a centaur warrior
  6904 | D:10     | 6904 ||| FLEEEEING.
  6931 | D:10     | Identified the +0 scale mail of the Mind {rElec} (Okawaru
                  | gifted it to you on level 10 of the Dungeon)
  6931 | D:10     | Received a gift from Okawaru
  7268 | D:10     | 7268 ||| DROPPING +2 robe of positive energy.
  7269 | D:10     | 7269 ||| READING scroll labelled GIUWKA KODD.
  7482 | D:11     | Noticed a manticore
  7483 | D:11     | 7483 ||| INVOKING Heroism.
  7490 | D:11     | Killed a manticore
  7562 | D:11     | Found a staircase to the Lair.
  7608 | D:11     | 7608 ||| Stepping randomly (disturbance).
  7609 | D:11     | 7609 ||| Stepping randomly (disturbance).
  7612 | D:11     | 7612 ||| Stepping randomly (disturbance).
  7613 | D:11     | 7613 ||| Stepping randomly (disturbance).
  7754 | D:11     | 7754 ||| INVOKING Heroism.
  7759 | D:11     | Noticed Psyche
  7760 | D:11     | Reached skill level 13 in Ranged Weapons
  7762 | D:11     | Killed Psyche
  7763 | D:11     | Reached skill level 9 in Fighting
  7763 | D:11     | Reached skill level 9 in Invocations
  7806 | D:11     | Noticed a boulder beetle
  7807 | D:11     | 7807 ||| INVOKING Heroism.
  7808 | D:11     | 7808 ||| INVOKING Finesse.
  7817 | D:11     | Killed a boulder beetle
  7841 | D:11     | Noticed a skeletal warrior
  7859 | D:11     | Killed a skeletal warrior
  7938 | D:11     | Reached XP level 12. HP: 76/76 MP: 19/19
  8174 | D:11     | 8174 ||| INVOKING Heroism.
  8185 | D:11     | HP: 14/76 [skeletal warrior/+0 scimitar (16)]
  8186 | D:11     | 8186 ||| READING 3 scrolls of teleportation.
  8186 | D:11     | HP: 4/76 [skeletal warrior/+0 scimitar (11)]
  8188 | D:11     | Demolished by a skeletal warrior

Levels and vault maps discovered:
D:1:      nzn_arrival_depleted_hourglass, layout_rooms, minmay_unequal
D:2:      layout_basic, hangedman_decor_diamond_cutter
D:3:      layout_basic, okawaru_altar_gauntlet_db
D:4:      layout_rooms, jmf_multi_god_temple2,
          nicolae_ru_great_annihilating_truth
D:5:      layout_cave_pods
D:6:      layout_cave_pools
D:7:      layout_loops_cross, kennysheep_slug_shrine,
          minmay_temple_entry_drinking_statues, gammafunk_ghost_grave,
          nicolae_elevator_lobby_asterisk
D:8:      minmay_slanted_spiral_squares, layout_loops_ring,
          mainiacjoe_overflow_catwalk, uniq_grum
D:9:      layout_loops_corners, nicolae_gozag_conspicuous_consumption,
          uniq_erolcha
D:10:     layout_basic
D:11:     layout_loops_ring, lair_entry_dummy, pond, uniq_psyche

Skill      XL: |  1  2  3  4  5  6  7  8  9 10 11 |
---------------+----------------------------------+-----
Ranged Weapons | 3 4 5 6 7 9 10 12 13 | 13.4
Fighting       | 2 3 4 5 7 8 9 |  9.0
Armour         | 1 2 |  2.3
Invocations    | 2 4 6 9 |  9.8
Dodging        | 2 3 4 5 |  5.1
Spellcasting   | |  1.0
Hexes          | |  2.6

Action                     |  1- 3 |  4- 6 |  7- 9 | 10-12 || total
---------------------------+-------+-------+-------+-------++-------
   Fire: Sling             |   134 |   206 |   259 |       ||   599
         Longbow           |       |       |    41 |   296 ||   337
 Invoke: Heroism           |       |     3 |     9 |    10 ||    22
         Finesse           |       |       |       |     1 ||     1
    Use: Scroll            |     4 |     4 |     7 |     5 ||    20
         Potion            |     1 |     5 |     2 |     2 ||    10
 Armour: Robe              |    22 |       |       |       ||    22
         Ring mail         |    34 |    46 |    32 |     3 ||   115
         Leather armour    |       |       |       |    28 ||    28
  Dodge: Dodged            |    81 |   103 |   144 |   150 ||   478

Table legend:
 A = Non-vault XP
 B = Vault XP
 C = Vault XP percentage of total XP
 D = Non-vault monster count
 E = Vault monster count
 F = Vault count percentage of total count
                 A         B        C        D         E       F
            +---------+---------+-------+---------+---------+-------
      Total |   12899 |    6128 |  32.2 |     202 |      35 |  14.8
            +---------+---------+-------+---------+---------+-------
        D:1 |      53 |       3 |   5.4 |      31 |       2 |   6.1
        D:2 |      63 |       0 |   0.0 |      19 |       0 |   0.0
        D:3 |     214 |      48 |  18.3 |      23 |       6 |  20.7
        D:4 |     266 |      41 |  13.4 |      21 |       4 |  16.0
        D:5 |     233 |       0 |   0.0 |       7 |       0 |   0.0
        D:6 |     252 |       0 |   0.0 |       6 |       0 |   0.0
        D:7 |    1319 |       4 |   0.3 |      24 |       1 |   4.0
        D:8 |     814 |    4185 |  83.7 |      18 |      14 |  43.8
        D:9 |    3460 |     874 |  20.2 |      27 |       1 |   3.6
       D:10 |    2438 |       0 |   0.0 |      16 |       0 |   0.0
       D:11 |    3787 |     973 |  20.4 |      10 |       7 |  41.2
            +---------+---------+-------+---------+---------+-------
